 Dungeon Crawl Stone Soup version 0.31.0-9-g3a7656b989 (webtiles) character file.

Game seed: 8324803048592349658

103 qw the Shooter (level 4, -2/22 HPs)
             Began as a Spriggan Hunter on Feb 2, 2024.
             Slain by Natasha (9 damage)
             ... on level 2 of the Dungeon.
             The game lasted 00:00:04 (1011 turns).

qw the Shooter (Spriggan Hunter)                    Turns: 1011, Time: 00:00:04

Health: -2/22      AC:  2    Str:  7    XL:     4   Next: 51%
Magic:  5/5        EV: 20    Int: 10    God:
Gold:   85         SH:  0    Dex: 20    Spells: 3/3 levels left

rFire   + . .        a - +0 shortbow
rCold   . . .        (shield currently unavailable)
rNeg    . . .        c - +0 robe
rPois   .            (helmet restricted)
rElec   .            (no cloak)
rCorr   .            (gloves unavailable)
SInv    +            (boots unavailable)
Will    .....        (no amulet)
Stlth   ++           f - ring of protection from fire
HPRegen 0.23/turn    (no ring)
MPRegen 0.09/turn

%: no passive effects
@: very quick
A: very small, no large weapons, unfitting armour, see invisible, speed 3
a: no special abilities


You were on level 2 of the Dungeon.
You visited 1 branch of the dungeon, and saw 2 of its levels.

You collected 85 gold pieces.


Innate Abilities, Weirdness & Mutations

You are very small and have problems with some larger weapons.
You are too small for most types of armour.
You have supernaturally acute eyesight. (SInv)
You cover ground extremely quickly. (Speed+++)


   Skills:
 + Level 1.5 Fighting
 - Level 5.0 Ranged Weapons
 - Level 5.0 Dodging
 - Level 1.5 Stealth


You had 3 spell levels left.
You didn't know any spells.
Your spell library was empty.

Inventory:

Hand Weapons
 a - a +0 shortbow (weapon)
Armour
 c - a +0 robe (worn)
Jewellery
 f - a ring of protection from fire (left hand)
Scrolls
 d - 3 scrolls of teleportation
Potions
 g - 2 potions of curing

Dungeon Overview and Level Annotations

Branches:
Dungeon (2/15)

Altars:
Sif Muna

Annotations:
D:2 Natasha


Message History

You shoot an arrow. The arrow hits the gnoll!
The gnoll is severely wounded.
A gnoll comes into view. It is wielding a +0 halberd.
You shoot an arrow. The gnoll shouts!
The arrow hits the gnoll.
You kill the gnoll!
You hear a shout!
You shoot an arrow. The arrow barely misses the gnoll.
You shoot an arrow. The arrow hits the gnoll.
The gnoll is lightly wounded.
You shoot an arrow. The arrow hits the gnoll.
The gnoll is moderately wounded.
You shoot an arrow. The arrow hits the gnoll!
You kill the gnoll!
Your Dodging skill increases to level 5!
Things that are here:
a +0 halberd; a +0 club; a gnoll corpse Natasha, Servant of Life and Death comes into view.
Natasha hisses angrily.
You shoot an arrow. The arrow barely misses Natasha.
Natasha casts a spell at you. The magic dart hits you!
You shoot an arrow. The arrow barely misses Natasha.
Natasha stares at you and mumbles some strange words.
The magic dart hits you!
You shoot an arrow. The arrow barely misses Natasha.
You shoot an arrow. The arrow hits Natasha.
Natasha is heavily wounded.
You shoot an arrow. The arrow hits Natasha.
Natasha is almost dead.
Natasha misses you.
You shoot an arrow. The arrow barely misses Natasha.
Natasha claws you. Natasha misses you.
You shoot an arrow.
The arrow hits Natasha but does no damage.
Natasha is almost dead.
Natasha claws you!
You die...
Natasha begins licking her fur clean.

#.....# +## #.....#
. ..# #.....# .. #.#
#.....# ...####.#
#.....#
........####.....#
.....).).........#
........####.....#
###### ........@#
#...%.# #.....
########h#
####'####.....
#..#####..........
..................
.#.#..............
..........#........
..#.#....#.........
####.#########......
#......


You could see Natasha.

Vanquished Creatures
  3 gnolls (D:2)
  2 adders (D:2)
  2 dart slugs (D:1)
  A ribbon worm (D:2)
  4 ball pythons
  3 bats (D:1)
  3 endoplasms
  3 giant cockroaches (D:1)
  3 goblins
  4 hobgoblins
  7 kobolds
  4 quokkas
  4 frilled lizards
  5 rats
48 creatures vanquished.

Notes
Turn   | Place    | Note
-------+----------+-------------------------------------------
     0 | D:1      | qw the Spriggan Hunter began the quest for the Orb.
     0 | D:1      | Reached XP level 1. HP: 10/10 MP: 2/2
     0 | D:1      | 0 ||| qw: Version: 0.3-a-155-g5e7d8dd
     0 | D:1      | 0 ||| qw: Game counter: 489
     0 | D:1      | 0 ||| qw: Melee chars always use a shield: true
     0 | D:1      | 0 ||| qw: God list: Okawaru
     0 | D:1      | 0 ||| qw: Allow faded altars: false
     0 | D:1      | 0 ||| qw: Do Orc after clearing Dungeon:15 true
     0 | D:1      | 0 ||| qw: Do second Lair branch before Depths: true
     0 | D:1      | 0 ||| qw: Lair rune preference: random
     0 | D:1      | 0 ||| qw: Goals: Normal
     0 | D:1      | 0 ||| PLANNING D:1-11
    34 | D:1      | HP: 1/10 [quokka (3)]
    35 | D:1      | Reached skill level 3 in Dodging
   121 | D:1      | Reached XP level 2. HP: 14/14 MP: 3/3
   447 | D:1      | Reached XP level 3. HP: 18/18 MP: 4/4
   602 | D:1      | 602 ||| UPGRADING to ring of protection from fire.
   603 | D:1      | 603 ||| READING 3 scrolls labelled JIAMUTOGU.
   607 | D:1      | 607 ||| READING scroll labelled CONTAC NOOTZU.
   607 | D:1      | 607 ||| IDENTIFYING 2 bubbling dark potions
   608 | D:1      | 608 ||| READING scroll labelled CUNNIETZIDGH.
   609 | D:1      | 609 ||| DROPPING scroll of butterflies.
   629 | D:2      | Found a shimmering blue altar of Sif Muna.
   929 | D:2      | HP: 4/18 [poisoned by an adder]
   930 | D:2      | Reached XP level 4. HP: 5/22 MP: 5/5
   930 | D:2      | 930 ||| DRINKING 3 potions of curing.
   930 | D:2      | 930 ||| (to cure poison)
  1004 | D:2      | Noticed Natasha
  1011 | D:2      | Slain by Natasha

Levels and vault maps discovered:
D:1:      elethiomel_arrival_quiet, layout_rooms, minmay_misc_feat_tower,
          nicolae_hexahallways, minmay_tripent
D:2:      wad_river_or_something, layout_basic, basic_altar,
          minmay_misc_feat_secret_circle, minmay_fountain_box, uniq_natasha

Skill      XL: |  1  2  3  4 |
---------------+-------------+-----
Dodging        | 3 4 5 |  5.0
Ranged Weapons | 5 |  5.0
Fighting       | |  1.5
Stealth        | |  1.5

Action                     |  1- 3 |  4- 6 || total
---------------------------+-------+-------++-------
   Fire: Shortbow          |   124 |    17 ||   141
    Use: Scroll            |     3 |       ||     3
         Potion            |       |     1 ||     1
 Armour: Robe              |    18 |     4 ||    22
  Dodge: Dodged            |    46 |     2 ||    48

Table legend:
 A = Non-vault XP
 B = Vault XP
 C = Vault XP percentage of total XP
 D = Non-vault monster count
 E = Vault monster count
 F = Vault count percentage of total count
                 A         B        C        D         E       F
            +---------+---------+-------+---------+---------+-------
      Total |     144 |       4 |   2.7 |      46 |       2 |   4.2
            +---------+---------+-------+---------+---------+-------
        D:1 |      46 |       4 |   8.0 |      25 |       2 |   7.4
        D:2 |      98 |       0 |   0.0 |      21 |       0 |   0.0
            +---------+---------+-------+---------+---------+-------
